 Dungeon Crawl Stone Soup version 0.25-a0-1119-g28b6fd0c3b (webtiles) character file.

Game seed: 807159650002825535, levelgen mode: deterministic

1341 zeramoth the Cleaver (level 8, -8/65 HPs)
             Began as a Minotaur Fighter on May 18, 2020.
             Was a Believer of Makhleb.
             Mangled by an orc warrior
             ... wielding a +0 flail
              (11 damage)
             ... on level 6 of the Dungeon.
             The game lasted 00:05:43 (4820 turns).

zeramoth the Cleaver (Minotaur Fighter)             Turns: 4820, Time: 00:05:44

Health: -8/65      AC: 12    Str: 23    XL:     8   Next: 35%
Magic:  7/7        EV:  4    Int:  5    God:    Makhleb [**....]
Gold:   260        SH:  9    Dex: 10    Spells: 7/7 levels left

rFire    . . .     SeeInvis .   a - +0 war axe
rCold    . . .     Gourm    .   c - +0 kite shield
rNeg     . . .     Faith    .   s - +0 plate armour
rPois    .         Spirit   .   (helmet unavailable)
rElec    .         Reflect  .   (no cloak)
rCorr    .         Harm     .   (no gloves)
MR       +....     Clarity  +   (no boots)
Stlth    ..........             (no amulet)
HPRegen  0.20/turn              (no ring)
MPRegen  0.10/turn              (no ring)

@: brilliant, lethally poisoned (-8 -> -9), hasted, very quick
A: retaliatory headbutt, horns 3, rugged brown scales 1, clarity, magic
resistance 1
a: Minor Destruction, Renounce Religion


You were on level 6 of the Dungeon.
You worshipped Makhleb.
Makhleb was pleased with you.
You were not hungry.

You visited 2 branches of the dungeon, and saw 7 of its levels.
You also visited: Ossuary.

You collected 260 gold pieces.


Innate Abilities, Weirdness & Mutations

You reflexively headbutt those who attack you in melee.
You have a pair of large horns on your head.
You are partially covered in rugged brown scales. (AC +1, +3% HP)
You possess an exceptional clarity of mind.
You are resistant to hostile enchantments. (MR+)


   Skills:
 - Level 3.6 Fighting
 * Level 12.1 Axes
 - Level 3.6 Armour
 - Level 3.6 Shields


You had 7 spell levels left.
You didn't know any spells.
Your spell library contained the following spells:

 Spells                   Type           Power        Failure   Level  Hunger
 Animate Skeleton         Necr           N/A          100%        1    None
 Apportation              Tloc           #.....       100%        1    None
 Beastly Appendage        Tmut           #.....       100%        1    None
 Corona                   Hex            #......      100%        1    None
 Summon Small Mammal      Summ           #...         100%        1    None
 Sticks to Snakes         Tmut           #.......     100%        2    None
 Confusing Touch          Hex            #.......     100%        3    None
 Gell's Gravitas          Tloc           #.........   100%        3    None
 Spider Form              Tmut/Pois      #.........   100%        3    None
 Ice Form                 Ice/Tmut       #.......     100%        4    None
 Petrify                  Tmut/Erth      #.......     100%        4    None
 Blade Hands              Tmut           #.........   100%        5    None
 Metabolic Englaciation   Hex/Ice        #.........   100%        5    None
 Yara's Violent Unravell  Hex/Tmut       #.........   100%        5    None

Inventory:

Hand Weapons
 a - a +0 war axe (weapon)
Missiles
 j - 8 atropa-tipped darts (quivered)
Armour
 b - a +0 scale mail
 c - a +0 kite shield (worn)
 s - a +0 plate armour (worn)
 x - a cursed +0 plate armour
 G - a +0 pair of gloves
Jewellery
 q - a cursed amulet of inaccuracy
 w - an uncursed amulet of regeneration {unknown}
 J - an uncursed ring of protection from magic {unknown}
 K - an uncursed ring of poison resistance {unknown}
Wands
 z - a wand of disintegration (14)
Scrolls
 g - 3 scrolls of teleportation {@r4}
 h - 12 scrolls of identify {@r1}
 i - a scroll of remove curse {unknown}
 k - a scroll of random uselessness {unknown}
 l - 3 scrolls of immolation {unknown}
 n - a scroll of noise {unknown}
 o - a scroll of blinking {unknown}
 p - 2 scrolls of fear {unknown}
 v - 2 scrolls of fog {unknown}
 y - a scroll of magic mapping
 A - a scroll of amnesia {unknown}
Potions
 d - 2 potions of might
 e - 2 potions of stabbing {unknown}
 m - 4 potions of mutation {!q}
 r - 2 potions of invisibility
 t - a potion of lignification {unknown}
 u - 2 potions of brilliance
 B - a potion of curing {unknown}
 C - a potion of degeneration {unknown}
 D - a potion of cancellation {unknown}
 E - a potion of flight {unknown}
 F - 2 potions of resistance {unknown}
 H - a potion of haste {@q3}
Comestibles
 f - 12 rations {@e1}

Dungeon Overview and Level Annotations

Branches:
Dungeon (6/15)             Temple (1/1) D:4         Ossuary (visited)

Altars:
Ashenzari
Cheibriados
Dithmenos
Elyvilon
Gozag
Kikubaaqudgha
Makhleb
Okawaru
Ru
Sif Muna
Trog
Uskayaw
Wu Jian
Zin

.## # .... #. #...#
#. #...## #.###....#
#.###..$#..#.# ##▒
...........#.##..▒
.#########..........▒
......o@.........#..▒
.#....))##.....#...#
#......##.....#...#▒
#......##.....#....+
#..................▒
#......#########..#▒
#.###### ##.#▒ #.
########..▒ .......
#.......#.▒


You could see an orc warrior.


Message History

Your plate armour prevents you from hitting the orc.
The orc hits you but does no damage.
The orc warrior hits you with a +0 flail!
* * * LOW HITPOINT WARNING * * *
You closely miss the orc warrior.
The orc warrior is almost dead.
You hit the orc.
You kill the orc!
Makhleb accepts your kill.
You feel better.
You feel sick.
The orc warrior hits you but does no damage.
You hit the orc warrior but do no damage.
You headbutt the orc warrior, but do no damage.
The orc warrior is almost dead.
The orc warrior hits you with a +0 flail!
* * * LOW HITPOINT WARNING * * *
It was a potion of mutation.
You feel extremely strange.
Your thoughts seem clearer.
You feel resistant to hostile enchantments.
The horns on your head grow some more.
Rugged brown scales grow over part of your body.
The orc warrior hits you but does no damage.
Okay, then.
Okay, then.
Okay, then.
It was a potion of brilliance.
You feel clever all of a sudden.
It was a potion of haste.
You feel yourself speed up.
You feel sick.
The orc warrior hits you with a +0 flail!
You die...

Skill      XL: |  1  2  3  4  5  6  7  8 |
---------------+-------------------------+-----
Axes           | 3 4 5 6 7 9 11 12 | 12.1
Fighting       | |  3.6
Armour         | |  3.6
Shields        | |  3.6

Action                   |  1- 3 |  4- 6 |  7- 9 || total
-------------------------+-------+-------+-------++-------
Melee: War axe           |    80 |    76 |   178 ||   334
       Headbutt          |     8 |    13 |    35 ||    56
  Use: Scroll            |       |       |     4 ||     4
       Potion            |       |       |     3 ||     3
  Eat: Chunk             |     3 |     5 |     1 ||     9
       Ration            |       |       |     1 ||     1
Armor: Scale mail        |    29 |     4 |       ||    33
       Plate armour      |       |    33 |    74 ||   107
Dodge: Dodged            |    22 |    16 |    21 ||    59
Block: Kite shield       |    56 |    35 |    58 ||   149

Levels and vault maps discovered:
D:1:      mrwooster_arrival_statue_3, layout_basic
D:2:      layout_loops_corners
D:3:      layout_basic, gammafunk_temple_overflow_elements, first_ration,
          minmay_misc_feat_four_crosses, cheibriados_altar_1
D:4:      layout_basic, minmay_temple_entry_stoned_glass, minmay_quantized
D:5:      layout_cave_pools, tgw_xom, minitemple,
          nicolae_ossuary_entry_catacombs
D:6:      layout_basic, fedhas_altar_2, kennysheep_generic_room_16
Temple:   kb_temple_of_zot

Notes
Turn   | Place    | Note
-------+----------+-------------------------------------------
     0 | D:1      | zeramoth the Minotaur Fighter began the quest for the Orb.
     0 | D:1      | Reached XP level 1. HP: 19/19 MP: 0/0
    82 | D:1      | Reached skill level 3 in Axes
   142 | D:1      | Reached XP level 2. HP: 26/26 MP: 1/1
   513 | D:2      | Reached skill level 4 in Axes
   519 | D:2      | Reached XP level 3. HP: 16/31 MP: 2/2
  1458 | D:3      | Found a snail-covered altar of Cheibriados.
  1547 | D:3      | Reached skill level 5 in Axes
  1759 | D:3      | Reached XP level 4. HP: 29/39 MP: 3/3
  1868 | D:3      | Reached skill level 6 in Axes
  2084 | D:3      | Reached XP level 5. HP: 45/45 MP: 4/4
  2380 | D:3      | Found a burning altar of Makhleb.
  2380 | D:3      | Found a shattered altar of Ashenzari.
  2383 | D:3      | Became a worshipper of Makhleb the Destroyer
  2528 | D:4      | Reached skill level 7 in Axes
  2911 | D:4      | Found a staircase to the Ecumenical Temple.
  2917 | D:4      | Reached XP level 6. HP: 47/51 MP: 5/5
  2925 | Temple   | Entered the Ecumenical Temple
  3190 | D:4      | Reached skill level 8 in Axes
  3313 | D:4      | Reached skill level 9 in Axes
  3666 | D:5      | Entered Level 5 of the Dungeon
  3681 | D:5      | Reached XP level 7. HP: 49/57 MP: 6/6
  3795 | D:5      | Found a sand-covered staircase.
  3804 | Ossuary  | Entered an ossuary
  3874 | Ossuary  | Reached skill level 10 in Axes
  3878 | Ossuary  | Reached * piety under Makhleb
  4206 | D:5      | Reached ** piety under Makhleb
  4206 | D:5      | Reached skill level 11 in Axes
  4214 | D:5      | Reached XP level 8. HP: 64/64 MP: 7/7
  4440 | D:5      | Reached skill level 12 in Axes
  4660 | D:5      | Found a shimmering blue altar of Sif Muna.
  4661 | D:5      | Found a sacrificial altar of Ru.
  4663 | D:5      | Found an iron altar of Okawaru.
  4817 | D:6      | HP: 3/64 [orc warrior/+0 flail (15)]
  4818 | D:6      | Gained mutation: You possess an exceptional clarity of
                  | mind. [potion of mutation]
  4818 | D:6      | Gained mutation: You are resistant to hostile enchantments.
                  | (MR+) [potion of mutation]
  4818 | D:6      | Gained mutation: You have a pair of large horns on your
                  | head. [potion of mutation]
  4818 | D:6      | Gained mutation: You are partially covered in rugged brown
                  | scales. (AC +1, +3% HP) [potion of mutation]
  4820 | D:6      | Mangled by an orc warrior

Vanquished Creatures
  4 ogres
  2 elf skeletons (D:5)
  3 water moccasin zombies (Ossuary)
  2 scorpions
  A human zombie (D:5)
  A hound (D:4)
  An orc priest (D:4)
  3 orc wizards
  An iguana (D:3)
  5 human skeletons (D:5)
  3 worker ants
  A big kobold zombie (Ossuary)
  A howler monkey zombie (D:6)
  2 mummies (Ossuary)
  4 adders
  6 adder zombies (Ossuary)
  2 worms
  2 leopard geckos
  17 orcs
  2 ball pythons
  5 bats
  6 giant cockroaches
  3 gnoll zombies (Ossuary)
  4 hobgoblins
  3 kobolds
  4 quokkas
  6 frilled lizards
  9 goblins
  6 hobgoblin zombies (Ossuary)
  5 kobold zombies (Ossuary)
  A leopard gecko zombie (D:5)
  3 orc skeletons (D:5)
  2 orc zombies (Ossuary)
  8 rats
128 creatures vanquished.

Table legend:
 A = Turns spent in this place as a percentage of turns spent in the entire game.
 B = Non-inter-level travel turns spent in this place as a percentage of non-inter-level travel turns spent in the entire game.
 C = Inter-level travel turns spent in this place as a percentage of turns spent in this place.
 D = Turns resting spent in this place as a percentage of non-inter-level travel turns spent in this place.
 E = Turns spent auto-exploring this place as a percentage of non-inter-level travel turns spent in this place.
 F = Non-inter-level travel turns spent in this place divided by the number of levels of this place that you've seen.
                   A       B       C       D       E      F
               +-------+-------+-------+-------+-------+----------------------
         Total | 100.0 | 100.0 |   3.7 |   0.0 |  85.1 | 580.1
       Dungeon |  88.8 |  88.7 |   3.8 |   0.0 |  85.8 | 686.0
        Temple |   3.9 |   3.7 |   8.0 |   0.0 |  98.3 | 173.0
       Ossuary |   7.3 |   7.6 |   0.0 |   0.0 |  71.0 | 352.0
               +-------+-------+-------+-------+-------+----------------------

Table legend:
 A = Non-vault XP
 B = Vault XP
 C = Vault XP percentage of total XP
 D = Non-vault monster count
 E = Vault monster count
 F = Vault count percentage of total count
                 A         B        C        D         E       F
            +---------+---------+-------+---------+---------+-------
      Total |     912 |    1004 |  52.4 |      84 |      44 |  34.4
            +---------+---------+-------+---------+---------+-------
        D:1 |      27 |       0 |   0.0 |      17 |       0 |   0.0
        D:2 |      28 |       0 |   0.0 |       9 |       0 |   0.0
        D:3 |     148 |       0 |   0.0 |      30 |       0 |   0.0
        D:4 |     249 |     252 |  50.3 |      10 |       5 |  33.3
        D:5 |     391 |     410 |  51.2 |      13 |      11 |  45.8
        D:6 |      69 |       0 |   0.0 |       5 |       0 |   0.0
    Ossuary |       0 |     342 | 100.0 |       0 |      28 | 100.0
            +---------+---------+-------+---------+---------+-------
